Map: Cyber Forest LE

Players

hurdler - Winner!

  • Race: Zerg Zerg
  • League: Diamond
  • Spawn Location: 11:00

RapidXIV

  • Race: Zerg Zerg
  • League: Diamond
  • Spawn Location: 5:00

VOD

Have the link to the VOD?

Description

Time

  • Played on: March 23, 2019, 11:01 p.m.
  • Length: 28:08
Show
View Real Time Build Order
Export as new Build Order

hurdler Zerg - Winner!

Build Orders: Hatch First, Lurkers 

Get SALT Encoding   

  12  0:01  Drone  
  13  0:12  Overlord  
  13  0:16  Drone  
  14  0:30  Drone  
  14  0:32  Drone  
  14  0:34  Drone  
  17  0:54  Hatchery  
  16  0:57  Drone  
  16  1:00  Drone  
  18  1:14  Spawning Pool  
  18  1:17  Drone  
  18  1:20  Drone  
  19  1:28  Drone  
  20  1:40  Extractor  
  20  1:44  Drone  
  20  1:50  Overlord  
  20  2:01  Queen  
  20  2:05  Queen  
  20  2:07  Zergling x2  
  25  2:10  Drone  
  25  2:12  Drone  
  27  2:36  Drone x3  
  27  2:37  Drone  
  31  2:41  Queen  
  33  2:44  Lair  
  33  2:53  Overlord  
  33  2:54  Overlord  
  33  2:55  Drone x2  
  34  3:10  Evolution Chamber  
  33  3:13  Roach Warren  
  33  3:17  Evolution Chamber  
  31  3:20  Drone x6  
  37  3:36  Zerg Missile Weapons Level 1  
  37  3:37  Drone x4  
  41  3:41  Extractor  
  41  3:42  Extractor  
  39  3:52  Drone x3, Overlord  
  39  3:54  Drone x2  
  44  3:57  Glial Reconstitution  
  44  4:01  Spine Crawler  
  43  4:03  Drone  
  43  4:06  Overlord  
  44  4:14  Drone x2  
  46  4:21  Drone  
  46  4:22  Drone  
  48  4:31  Hydralisk Den  
  48  4:33  Extractor  
  48  4:34  Roach x2  
  50  4:42  Drone x3  
  53  4:56  Roach  
  53  4:58  Overlord x2  
  55  5:09  Drone x3  
  55  5:10  Lurker Den, Drone  
  55  5:12  Overlord  
  58  5:16  Overseer  
  58  5:26  Hydralisk  
  58  5:27  Hydralisk  
  62  5:33  Grooved Spines  
  62  5:35  Zerg Missile Weapons Level 2  
  62  6:01  Hydralisk x7  
  62  6:03  Spine Crawler  
  75  6:23  Hatchery  
  74  6:37  Lurker x4  
  78  6:41  Queen x2  
  82  7:16  Lurker x4  
  82  7:18  Hydralisk  
  82  7:21  Queen x2  
  92  7:31  Spore Crawler  
  92  7:32  Spore Crawler  
  92  7:33  Spore Crawler  
  92  7:34  Drone  
  92  7:35  Spore Crawler  
  89  7:38  Infestation Pit  
  89  7:39  Drone x2  
  90  7:52  Zerg Ground Armor Level 1  
  90  7:54  Drone x5  
  90  7:55  Drone x3  
  98  7:58  Overlord x2  
  98  7:59  Overlord x2  
  98  8:16  Queen x3  
  98  8:17  Lurker  
  105  8:21  Drone x8  
  105  8:23  Spore Crawler  
  105  8:24  Spore Crawler  
  111  8:27  Spore Crawler  
  111  8:32  Spore Crawler  
  111  8:33  Overlord  
  111  8:34  Overlord  
  109  8:46  Hatchery  
  108  8:49  Drone x11  
  121  8:55  Drone  
  121  8:59  Extractor  
  121  9:00  Extractor, Spore Crawler  
  121  9:02  Spore Crawler  
  118  9:05  Queen x2, Spore Crawler  
  118  9:07  Hive  
  119  9:25  Extractor, Overseer  
  119  9:28  Extractor  
  117  9:33  Hydralisk  
  117  9:34  Hydralisk x9  
  137  9:40  Drone  
  137  9:41  Drone x2, Overlord  
  137  9:43  Drone  
  141  9:45  Drone  
  141  9:47  Drone, Overlord  
  143  10:01  Queen  
  143  10:14  Lurker  
  143  10:15  Lurker x10  
  143  10:18  Spore Crawler  
  151  10:27  Drone  
  151  10:28  Drone x5  
  157  10:31  Spire  
  157  10:33  Drone  
  157  10:34  Adaptive Talons  
  157  10:44  Spore Crawler  
  157  10:47  Spore Crawler  
  157  10:48  Drone  
  157  10:49  Drone x3  
  159  11:17  Overlord  
  159  11:18  Overlord x5  
  133  11:43  Hydralisk x4  
  133  11:44  Hydralisk x14  
  160  11:58  Spore Crawler x2  
  160  12:00  Spore Crawler  
  160  12:01  Spore Crawler  
  141  12:23  Viper, Muscular Augments  
  141  12:24  Viper x6  
  162  12:31  Drone  
  162  12:32  Drone x7  
  162  12:35  Spore Crawler  
  169  12:37  Spore Crawler  
  168  12:48  Spore Crawler  
  123  13:06  Lurker x4  
  123  13:07  Hydralisk x11  
  149  13:16  Evolution Chamber  
  149  13:17  Hatchery  
  149  13:19  Evolution Chamber  
  146  13:31  Spore Crawler  
  146  13:33  Queen x4, Spore Crawler  
  152  13:36  Spore Crawler  
  151  13:50  Spore Crawler  
  151  13:52  Drone  
  151  13:53  Drone x2  
  151  13:54  Drone x3  
  151  13:55  Drone x2  
  158  13:57  Drone x3  
  158  13:59  Drone  
  158  14:02  Greater Spire, Metabolic Boost  
  162  14:05  Pathogen Glands  
  162  14:09  Zerg Ground Armor Level 2  
  162  14:40  Spore Crawler x2  
  162  14:41  Lurker  
  162  14:42  Lurker x3, Spore Crawler  
  162  14:44  Spore Crawler  
  162  14:45  Hydralisk  
  162  14:59  Drone  
  164  15:00  Drone x2  
  164  15:01  Spore Crawler  
  164  15:06  Lurker  
  164  15:20  Spore Crawler x2  
  140  15:38  Hatchery  
  139  15:51  Evolution Chamber  
  138  16:05  Queen, Drone x2  
  138  16:06  Queen x2  
  138  16:09  Hatchery  
  138  16:10  Zerg Missile Weapons Level 3  
  145  16:21  Hydralisk x10  
  145  16:22  Hydralisk x2  
  169  16:41  Queen  
  120  17:02  Hydralisk x12  
  144  17:26  Spore Crawler  
  143  17:31  Queen x3  
  149  17:49  Hatchery  
  126  18:06  Queen x4  
  134  18:18  Spore Crawler  
  133  18:21  Spore Crawler  
  133  18:22  Spore Crawler  
  133  18:23  Spore Crawler  
  130  18:36  Hatchery  
  129  18:50  Lurker x4  
  129  18:51  Hydralisk x6  
  129  18:52  Hydralisk x3  
  151  19:01  Spore Crawler  
  135  19:23  Drone x10  
  145  19:25  Drone x4  
  149  19:59  Spore Crawler  
  148  20:00  Spore Crawler x2  
  143  20:09  Spore Crawler  
  142  20:19  Spore Crawler  
  142  20:21  Spore Crawler  
  140  20:34  Spore Crawler  
  139  20:36  Spore Crawler  
  139  20:37  Spore Crawler  
  139  20:39  Drone x2, Spore Crawler  
  139  20:40  Drone x6  
  139  20:41  Hydralisk x2  
  144  20:52  Spore Crawler x2  
  144  20:56  Spore Crawler  
  141  21:01  Lurker x7  
  141  21:02  Lurker x2  
  150  21:07  Viper x3  
  157  21:13  Extractor  
  157  21:15  Extractor  
  155  21:19  Queen  
  155  21:23  Zerg Ground Armor Level 3  
  157  21:27  Zerg Flyer Armor Level 1  
  157  21:31  Drone x14  
  171  21:34  Drone x2  
  173  22:33  Overlord x2  
  173  22:34  Overseer  
  173  22:35  Overlord x2  
  173  22:36  Corruptor  
  173  22:37  Corruptor x10  
  173  22:44  Extractor, Spore Crawler  
  194  22:46  Spore Crawler x2  
  194  22:47  Extractor  
  194  22:48  Spore Crawler  
  194  22:51  Spore Crawler x2  
  188  22:52  Spore Crawler  
  186  22:58  Evolution Chamber  
  185  23:16  Brood Lord x7  
  199  23:27  Spore Crawler  
  199  23:29  Spore Crawler  
  197  23:37  Evolution Chamber  
  196  24:11  Spore Crawler  
  196  24:12  Spore Crawler  
  194  24:22  Hydralisk x3  
  200  24:24  Spore Crawler  
  183  24:56  Corruptor x2  
  183  24:57  Corruptor x2  
  183  24:59  Hydralisk x5  
  199  26:00  Lurker  
  198  26:35  Hatchery, Extractor  
  198  26:38  Spore Crawler, Evolution Chamber  
  183  27:27  Hatchery  
  163  27:32  Corruptor x3  
  163  27:33  Corruptor x7  
  163  27:34  Corruptor x2  
Show
View Real Time Build Order
Export as new Build Order

RapidXIV Zerg 

Build Orders: Hatch First, Muta Ling Bane 

Get SALT Encoding   

  12  0:01  Drone  
  13  0:12  Overlord  
  13  0:17  Drone  
  14  0:30  Drone x2  
  14  0:35  Drone  
  17  0:55  Drone  
  17  0:56  Hatchery  
  17  0:59  Drone  
  18  1:09  Extractor  
  17  1:14  Spawning Pool  
  17  1:18  Drone  
  17  1:20  Drone  
  18  1:28  Drone  
  19  1:39  Overlord  
  19  1:55  Drone  
  20  2:04  Zergling x2  
  21  2:11  Drone, Metabolic Boost  
  21  2:13  Drone  
  23  2:17  Hatchery  
  22  2:24  Drone x2  
  24  2:32  Baneling Nest  
  23  2:39  Drone  
  23  2:41  Drone x2  
  23  2:43  Zergling x2  
  27  2:52  Zergling x2  
  27  2:55  Zergling x2  
  29  3:08  Zergling x4  
  31  3:15  Zergling x4  
  33  3:24  Zergling x2  
  34  3:29  Zergling x2  
  34  3:30  Zergling x2  
  34  3:32  Hatchery  
  35  3:35  Zergling x2  
  35  3:36  Baneling x7  
  35  3:38  Zergling x2  
  37  3:43  Zergling x2  
  37  3:47  Drone  
  39  3:58  Drone x3  
  42  4:05  Overlord x2  
  42  4:16  Lair  
  42  4:27  Hatchery  
  41  4:33  Zergling x6  
  41  4:34  Drone x4  
  41  4:37  Drone  
  49  4:48  Drone x2  
  51  5:01  Extractor  
  51  5:02  Extractor, Drone x3  
  51  5:03  Drone x3  
  51  5:04  Drone  
  56  5:11  Drone  
  56  5:12  Drone x3  
  60  5:17  Drone  
  60  5:18  Zergling x6  
  64  5:31  Centrifical Hooks  
  64  5:40  Overseer  
  64  5:45  Zergling x4  
  64  5:46  Zergling x8  
  64  5:47  Overlord x3  
  70  6:02  Hatchery  
  69  6:06  Drone  
  69  6:07  Drone x5  
  69  6:08  Drone  
  76  6:13  Extractor  
  76  6:14  Drone x3  
  77  6:24  Zergling x20  
  87  6:28  Baneling x4  
  87  6:29  Baneling x2  
  87  6:30  Baneling  
  87  6:31  Baneling x2  
  87  6:42  Pneumatized Carapace  
  87  6:44  Baneling x7  
  87  6:45  Baneling x4  
  87  6:46  Zergling x6  
  90  6:51  Extractor  
  89  6:55  Extractor, Drone x3  
  89  6:56  Drone x2  
  89  7:00  Overlord  
  89  7:01  Overlord  
  93  7:16  Overseer x3  
  93  7:20  Overseer x2  
  93  7:24  Drone x2  
  93  7:25  Drone x4  
  93  7:27  Drone x2  
  93  7:28  Drone x6  
  107  7:33  Overlord  
  107  7:47  Spire  
  107  7:49  Drone  
  107  7:52  Overlord x3  
  107  7:53  Overlord  
  107  7:56  Extractor  
  107  7:57  Extractor  
  105  7:58  Drone  
  105  7:59  Drone x2  
  105  8:02  Baneling x3  
  105  8:03  Baneling x2  
  108  8:15  Drone x3  
  108  8:16  Drone x3  
  108  8:17  Drone x2  
  108  8:18  Drone  
  117  8:21  Drone  
  117  8:22  Drone x2  
  120  8:29  Overseer x2  
  120  8:30  Overlord x4  
  120  8:47  Hatchery  
  119  8:49  Hatchery  
  118  8:59  Mutalisk  
  118  9:01  Mutalisk  
  118  9:02  Mutalisk x11, Zerg Flyer Weapons Level 1  
  144  9:16  Baneling x5  
  144  9:17  Mutalisk x3  
  144  9:19  Zergling x16  
  158  9:30  Zergling x2  
  158  9:31  Evolution Chamber, Zergling x10  
  160  9:32  Evolution Chamber  
  162  9:38  Overlord  
  162  9:39  Overlord  
  162  9:41  Overlord  
  162  9:44  Mutalisk x3  
  166  10:04  Mutalisk  
  166  10:05  Mutalisk x6  
  180  10:07  Zergling x16  
  180  10:08  Zergling x6  
  180  10:11  Zerg Melee Weapons Level 1  
  191  10:16  Infestation Pit  
  191  10:17  Extractor x2  
  191  10:18  Drone x3  
  191  10:19  Drone x3  
  194  10:27  Overlord  
  190  10:43  Mutalisk x2  
  190  10:44  Mutalisk x2  
  193  11:22  Mutalisk  
  193  11:23  Mutalisk x12  
  136  11:33  Mutalisk x3  
  136  11:39  Hatchery  
  139  11:45  Hatchery, Mutalisk x3  
  139  11:46  Zergling x2  
  139  11:47  Zergling x36  
  159  11:55  Mutalisk  
  159  11:56  Mutalisk  
  159  12:00  Zergling x8  
  159  12:01  Zergling x4  
  139  12:17  Zergling x18  
  139  12:20  Baneling x4  
  139  12:21  Baneling x14  
  139  12:22  Zergling x4  
  146  12:23  Zergling x10  
  146  12:26  Baneling x7  
  151  12:38  Mutalisk x5  
  151  12:40  Zergling x2  
  151  12:43  Baneling  
  152  12:54  Zergling x6  
  136  13:04  Zergling x28  
  136  13:05  Zergling x4  
  132  13:08  Drone x3  
  135  13:15  Baneling x5  
  135  13:17  Mutalisk x3  
  141  13:21  Zerg Flyer Weapons Level 2  
  141  13:23  Drone  
  141  13:25  Drone x2  
  144  13:30  Drone x2  
  146  13:34  Drone x2  
  146  13:35  Drone  
  146  13:38  Baneling x6  
  149  13:44  Drone x2  
  149  13:47  Drone x2  
  153  13:51  Drone x3  
  153  13:53  Drone  
  157  13:57  Mutalisk x7  
  157  14:02  Mutalisk  
  171  14:06  Mutalisk x4  
  181  14:15  Baneling x3  
  181  14:16  Baneling x24  
  181  14:17  Baneling  
  181  14:18  Baneling  
  181  14:19  Baneling x3  
  181  14:20  Zergling x4  
  181  14:21  Zergling x2  
  181  14:22  Zergling x2  
  181  14:23  Zergling x2  
  186  14:39  Zergling x28  
  200  15:08  Hatchery  
  199  15:18  Hatchery  
  137  15:29  Zergling x18  
  137  15:30  Mutalisk, Zergling x28  
  137  15:31  Mutalisk x6  
  166  15:40  Mutalisk  
  166  15:41  Mutalisk x9  
  186  15:56  Baneling x16  
  186  15:57  Baneling x18  
  186  15:58  Zerg Melee Weapons Level 2  
  186  16:00  Zergling x2  
  186  16:01  Zergling x18  
  196  16:06  Extractor  
  196  16:07  Extractor  
  196  16:08  Extractor  
  196  16:09  Extractor  
  192  16:18  Zergling x16  
  200  16:37  Baneling x9  
  161  16:55  Mutalisk x7  
  161  16:56  Mutalisk x7  
  116  17:04  Zergling x34  
  116  17:05  Zergling x8  
  137  17:11  Overseer x4  
  137  17:13  Zergling x20  
  147  17:20  Zergling x18  
  156  17:34  Baneling x10  
  156  17:35  Baneling x19  
  156  17:36  Baneling  
  156  17:37  Zergling x2  
  156  17:41  Overseer  
  136  18:05  Zergling x30  
  130  18:06  Zergling x22  
  130  18:10  Baneling x9  
  146  18:18  Hydralisk Den  
  145  18:22  Baneling  
  145  18:23  Baneling x11  
  145  18:25  Zergling x2  
  145  18:26  Zergling x12  
  152  18:45  Infestation Pit  
  152  18:48  Hydralisk x3  
  151  18:49  Hydralisk x3  
  151  18:53  Hydralisk  
  151  18:54  Hydralisk x2  
  113  19:11  Zergling x2  
  113  19:12  Mutalisk x11  
  113  19:14  Zergling x2  
  129  19:20  Zergling x4  
  129  19:21  Zergling x8  
  135  19:27  Hive  
  135  19:29  Hydralisk  
  129  20:25  Overlord x4  
  129  20:26  Overlord x5  
  129  20:34  Extractor  
  128  20:36  Extractor, Drone  
  128  20:37  Drone  
  128  20:39  Corruptor x4  
  137  20:45  Overseer  
  137  20:51  Greater Spire, Corruptor  
  137  20:52  Corruptor x2  
  137  20:53  Corruptor x2  
  147  21:00  Ultralisk Cavern  
  142  21:12  Drone  
  142  21:14  Drone x2  
  145  21:26  Zerg Melee Weapons Level 3  
  145  21:27  Zerg Ground Armor Level 1  
  145  21:29  Muscular Augments  
  145  21:48  Ultralisk  
  145  21:49  Ultralisk x2  
  145  21:51  Ultralisk  
  169  22:03  Brood Lord x9  
  169  22:05  Corruptor x3  
  193  22:36  Zergling x12  
  199  22:40  Grooved Spines  
  199  22:56  Adrenal Glands  
  199  22:57  Anabolic Synthesis  
  199  23:00  Zerg Flyer Weapons Level 3  
  199  23:13  Baneling x2  
  199  23:27  Overseer x4  
  199  23:34  Overseer x7  
  199  23:40  Chitinous Plating  
  199  24:00  Brood Lord  
  199  24:01  Brood Lord  
  190  24:18  Corruptor x2  
  160  24:40  Ultralisk x4  
  160  24:41  Corruptor x5  
  130  25:01  Overlord x3  
  130  25:02  Overlord x2  
  130  25:16  Overlord x4  
  130  25:20  Brood Lord x3  
  136  25:53  Brood Lord x2  
  136  25:55  Zergling x6  
  136  25:56  Zergling x60  
  173  26:08  Zergling x12  
  173  26:09  Zergling x4  
  181  26:13  Zergling x6  
  184  26:19  Zergling x4  
  186  26:31  Baneling x15  
  186  26:36  Overlord x4  
  186  26:40  Overseer  
  186  26:41  Overseer  
  186  26:48  Baneling x3  
  181  27:02  Zergling x12  
  181  27:03  Zergling x26  
  166  27:21  Zergling x18  
  166  27:22  Zergling x26  
  173  27:28  Zergling x8  
  173  27:29  Zergling x6  
  170  27:34  Zergling x6  
  169  27:39  Overseer  
  169  27:41  Overseer  
  165  27:49  Zergling x30  
  165  27:50  Zergling x2  
  158  27:51  Zergling x2  
Tags
 
Add a new tag
Caveats
  • Supply blocks, unpowered buildings, or Contaminate may cause inaccurate times.
  • Supply counts are checked every 10 seconds.